 Dungeon Crawl Stone Soup version 0.17-a0-1636-g3119f2b (webtiles) character file.

85 Pandaemon the Skirmisher (level 4, 0/40 HPs)
             Began as a Draconian Fighter on Aug 5, 2015.
             Slain by an orc priest
             ... wielding a +0 flail
              (4 damage)
             ... on level 3 of the Dungeon.
             The game lasted 00:03:39 (1356 turns).

Pandaemon the Skirmisher (Draconian Fighter)        Turns: 1356, Time: 00:03:39

Health: 0/40       AC:  5    Str: 19    XL:     4   Next: 25%
Magic:  4/4        EV: 10    Int:  8    God:
Gold:   98         SH:  9    Dex: 11    Spells: 0 memorised, 3 levels left

rFire  . . .     SeeInvis .     a - +0 war axe
rCold  . . .     Clarity  .     (armour unavailable)
rNeg   . . .     SustAt   .     b - +0 shield
rPois  .         Gourm    .     i - +0 hat
rElec  .         Spirit   .     (no cloak)
rCorr  .         Warding  .     (no gloves)
rMut   .         Stasis   .     (no boots)
MR     .....                    (no amulet)
Stlth  +.........               (no ring)
                                (no ring)

@: not resistant to hostile enchantments, very unstealthy
A: unfitting armour, cold-blooded, AC +5
a: no special abilities


You were on level 3 of the Dungeon.
You were not hungry.

You visited 1 branch of the dungeon, and saw 3 of its levels.

You collected 98 gold pieces.

Inventory:

Hand weapons
 a - a +0 war axe (weapon)
Armour
 b - a +0 shield (worn)
 i - a +0 hat (worn)
Magical devices
 m - a wand of polymorph (0)
Scrolls
 e - 2 scrolls of remove curse {unknown}
 f - 2 scrolls of enchant armour {unknown}
 h - 2 scrolls of identify {unknown}
 k - a scroll of blinking {unknown}
Potions
 c - a potion of might
 g - 2 potions of curing {unknown}
 j - 2 potions of lignification {unknown}
 l - a potion of degeneration {unknown}
 o - a potion of resistance {unknown}
 q - a potion of heal wounds {unknown}
Comestibles
 d - 2 bread rations
 p - a meat ration


   Skills:
 + Level 3.9 Fighting
 + Level 2.6 Axes
 + Level 3.3 Dodging
 + Level 0.4 Stealth
 + Level 3.6 Shields
 + Level 0.2 Unarmed Combat


You had 3 spell levels left.
You didn't know any spells.

Dungeon Overview and Level Annotations

Branches:
Dungeon (3/15)

Altars:
Ru


Innate Abilities, Weirdness & Mutations

Your plain brown scales are hard (AC +5).
Your body does not fit into most forms of armour.
You are cold-blooded and may be slowed by cold attacks.


Message History

You hit the orc wizard.
The orc wizard is heavily wounded.
The orc priest casts a cantrip, but nothing happens.
The orc wizard closely misses you.
Your shield prevents you from hitting the orc priest.
Your tail-slap misses the orc priest.
You completely miss the orc wizard.
The orc wizard is heavily wounded.
The orc priest hits you with a flail.
* * * LOW HITPOINT WARNING * * *
The orc wizard hits you with a dagger.
* * * LOW HITPOINT WARNING * * *
The orc wizard casts a cantrip, but nothing happens.
The orc priest hits you with a flail.
* * * LOW HITPOINT WARNING * * *
You hit the orc priest.
The orc priest is moderately wounded.
You hit the orc wizard.
The orc wizard is severely wounded.
You block the orc wizard's attack. The orc priest hits you with a flail.
You die...

############ ####
#..........#######...#
#.########b##........#
###.########o..........#
#..........@oo..###.#.##
#.#.###########.....o......
#.#.# #.###.#.###.# #.#.#
#.# ...... #.#.# #.# .#.


.oo #.#.# #.#.. .o..... #.#.# #.#.. .# o... #.#.######## .... .. #...
#.#......... You could see an orc priest, an orc wizard, an orc and a bat.

Vanquished Creatures
  Terence (D:2)
  An adder (D:2)
  4 worms
  An orc (D:3)
  4 bats
  2 giant cockroaches
  4 goblins
  2 hobgoblins (D:1)
  7 jackals
  5 kobolds
  2 quokkas
  6 rats
39 creatures vanquished.

Notes
Turn   | Place    | Note
--------------------------------------------------------------
     0 | D:1      | Pandaemon the Draconian Fighter began the quest for the Orb.
     0 | D:1      | Reached XP level 1. HP: 19/19 MP: 1/1
    29 | D:1      | Reached XP level 2. HP: 21/26 MP: 2/2
   635 | D:2      | Found a sacrificial altar of Ru.
   659 | D:2      | Noticed Terence
   673 | D:2      | Reached XP level 3. HP: 25/33 MP: 3/3
   691 | D:2      | Killed Terence
   905 | D:2      | Reached XP level 4. HP: 40/40 MP: 4/4
  1356 | D:3      | Slain by an orc priest

Vault maps used:
D:1:      dpeg_arrival_windows_large_door
D:2:      nicolae_ru_sacrificial_ziggurat, st_stairs_9, uniq_terence
D:3:      overflow_temple_1_default, first_bread

Action                   |  1- 3 |  4- 6 || total
-------------------------+-------+-------++-------
Melee: War axe           |    87 |    32 ||   119
       Unarmed           |    18 |       ||    18
  Eat: Pizza             |       |     1 ||     1
